AoeStats
← Guru8722

Hideout

503460828Analyzed
3v3 RM · 1mo ago on Aug 31, 2026· 65m 41s· 6 players
Game mode
Random Map
Map size
Normal (6 player)
Population
200
Speed
Normal
Resources
Standard
Victory
Conquest
Starting age
Dark Age
Ending age
Imperial Age
RankedLock teamsTeams togetherTeam positionsShared explorationLock speedFull tech treeHidden civsTurbo modeCheats
Victory
Defeat
🇩🇪 Berbers · Germany
1063
+15
🇩🇪 Bulgarians · Germany
1057
+16
🇩🇪 Franks · Germany
1025
+17
🇺🇸 Magyars · United States
1122
-19
🇺🇸 Vietnamese · United States
1027
-15
🇺🇸 Wei · United States
993
-13
sksarthak
8:10 Loom
10:28 Feudal Age
12:21 Town Watch
14:57 Castle Age
12:49 Double-Bit Axe
13:19 Horse Collar
14:43 Gold Mining
16:16 Scale Barding Armor
28:58 Fletching
32:22 Bodkin Arrow
35:07 Bloodlines
39:12 Imperial Age
38:16 Chain Barding Armor
41:22 Chain Barding Armor
41:03 Bracer
49:39 Husbandry
50:10 Cavalier
64:01 Ballistics
63:17 Light Cavalry
Sanji-San
10:21 Feudal Age
11:02 Double-Bit Axe
10:58 Horse Collar
16:08 Castle Age
14:49 Gold Mining
17:39 Bow Saw
17:45 Gold Mining
18:38 Heavy Plow
19:12 Loom
21:09 Fletching
21:24 Town Watch
23:07 Bodkin Arrow
25:31 Wheelbarrow
25:25 Padded Archer Armor
26:40 Hand Cart
28:27 Bloodlines
29:24 Husbandry
30:14 Thumb Ring
33:48 Imperial Age
31:54 Leather Archer Armor
33:03 Murder Holes
34:44 Bracer
35:07 Conscription
35:14 Ming Guang Armor
35:28 Parthian Tactics
37:07 Ring Archer Armor
39:34 Chemistry
38:39 Capped Ram
42:07 Siege Ram
43:53 Scale Barding Armor
43:58 Forging
43:13 Heavy Hei Guang Cavalry
48:12 Chain Barding Armor
48:27 Iron Casting
51:21 Blast Furnace
57:47 Ballistics
60:07 Light Cavalry
63:31 Masonry
Guru8722
10:29 Loom
12:17 Feudal Age
16:11 Castle Age
16:33 Double-Bit Axe
23:17 Fletching
24:09 Crossbowman
27:32 Wheelbarrow
27:24 Ballistics
28:53 Town Watch
29:26 Hand Cart
34:53 Thumb Ring
40:03 Imperial Age
40:10 Gold Mining
40:11 Stone Mining
40:46 Bloodlines
40:39 Husbandry
40:37 Bodkin Arrow
40:48 Scale Barding Armor
41:37 Horse Collar
41:52 Elite Battle Elephant
43:07 Chain Barding Armor
42:57 Forging
43:25 Bow Saw
43:19 Heavy Plow
43:58 Stone Shaft Mining
44:18 Elite Skirmisher
45:46 Paper Money
46:17 Bracer
46:55 Iron Casting
46:57 Plate Barding Armor
47:30 Hoardings
50:15 Murder Holes
51:34 Scale Mail Armor
52:41 Squires
52:30 Arson
52:08 Elite Fire Lancer
56:27 Chain Mail Armor
62:22 Plate Mail Armor
Raxx | Christoph
5:18 Loom
12:12 Feudal Age
16:19 Castle Age
14:17 Double-Bit Axe
24:23 Gold Mining
26:32 Wheelbarrow
32:49 Imperial Age
31:03 Husbandry
32:31 Bow Saw
33:00 Scale Barding Armor
35:15 Chemistry
34:36 Ballistics
35:20 Fletching
35:30 Cavalier
37:10 Stone Mining
38:06 Caravan
40:09 Chain Barding Armor
40:56 Conscription
41:01 Paladin
42:52 Plate Barding Armor
42:28 Forging
43:42 Hand Cart
43:13 Town Watch
44:39 Iron Casting
46:01 Hoardings
46:42 Blast Furnace
45:37 Bodkin Arrow
45:36 Elite Skirmisher
50:59 Town Patrol
54:08 Light Cavalry
DrOhne (Tai)
10:46 Feudal Age
9:15 Loom
14:52 Castle Age
13:33 Double-Bit Axe
16:53 Fletching
18:07 Scale Barding Armor
19:20 Forging
27:22 Bow Saw
27:10 Horse Collar
27:25 Gold Mining
29:24 Wheelbarrow
29:02 Heavy Plow
33:46 Imperial Age
31:39 Bodkin Arrow
32:54 Hand Cart
35:25 Ballistics
37:59 Chain Barding Armor
40:20 Murder Holes
42:58 Scale Mail Armor
43:34 Iron Casting
43:02 Bracer
45:15 Padded Archer Armor
45:52 Iron Casting
45:15 Elite Skirmisher
46:00 Thumb Ring
48:18 Leather Archer Armor
48:43 Onager
53:14 Siege Engineers
54:10 Chemistry
53:54 Heavy Scorpion
54:18 Capped Ram
56:10 Chain Mail Armor
56:40 Caravan
56:28 Siege Onager
57:34 Squires
60:26 Pikeman
63:38 Halberdier
Chi Ching Ping
5:40 Loom
10:15 Feudal Age
10:46 Double-Bit Axe
10:48 Horse Collar
18:28 Scale Barding Armor
18:34 Forging
20:28 Castle Age
18:38 Padded Archer Armor
18:33 Fletching
21:35 Bow Saw
21:27 Heavy Plow
22:46 Husbandry
23:33 Bloodlines
26:37 Padded Archer Armor
28:42 Wheelbarrow
31:36 Hand Cart
35:12 Imperial Age
33:19 Town Watch
33:34 Gold Mining
34:24 Leather Archer Armor
37:33 Conscription
37:55 Ring Archer Armor
38:38 Gold Shaft Mining
39:22 Bodkin Arrow
40:03 Iron Casting
39:29 Stone Mining
39:55 Kasbah
40:50 Hoardings
40:55 Caravan
41:27 Coinage
40:49 Heavy Camel Rider
41:17 Treadmill Crane
42:09 Thumb Ring
43:20 Ballistics
44:29 Elite Skirmisher
47:15 Elite Genitour
48:56 Chain Barding Armor
50:18 Blast Furnace
49:58 Plate Barding Armor
48:49 Elite Camel Archer
49:27 Pikeman
50:08 Squires
49:54 Arson
51:33 Bracer
50:58 Man-at-Arms
52:33 Scale Mail Armor
51:56 Long Swordsman
53:31 Crop Rotation
54:41 Banking
54:08 Two-Handed Swordsman
55:06 Chain Mail Armor
55:05 Fortified Wall
55:07 Masonry
54:53 Capped Ram
55:56 Siege Engineers
55:48 Murder Holes
56:54 Chemistry
56:44 Guilds
Connection lost

Rejoining the realm…

Still unreachable

The connection could not be restored.

Session expired

The server has moved on; the page needs a fresh start.